 Dungeon Crawl Stone Soup version 0.29.1-13-g9f3cf754e1 (console) character file.

Game seed: 2329628793212516041

57 shmup the Ruffian (level 3, -2/28 HPs)
             Began as a Draconian Transmuter on Oct 2, 2022.
             Constricted to death by Ijyb (5 damage)
             ... on level 3 of the Dungeon on Feb 9, 2023.
             The game lasted 00:05:37 (2608 turns).

shmup the Ruffian (Draconian Transmuter)            Turns: 2608, Time: 00:05:37

Health: -2/28      AC:  5    Str: 12    XL:     3   Next: 73%
Magic:  6/6        EV:  9    Int: 21    God:
Gold:   89         SH:  0    Dex: 11    Spells: 5/6 levels left

rFire   + . .      SeeInvis .     - Unarmed
rCold   x . .      Faith    .   (no shield)
rNeg    . . .      Spirit   .   (body armour unavailable)
rPois   .          Reflect  .   (helmet currently unavailable)
rElec   .          Harm     .   (no cloak)
rCorr   .          Rampage  .   (no gloves)
Will    .....                   (boots currently unavailable)
Stlth   +.........              (no amulet)
HPRegen 0.09/turn               j - +6 ring of intelligence
MPRegen 0.10/turn               l - ring of fire

@: appendages, grasped by roots, constricted
A: horns 2, talons 2, AC +5, unfitting armour, cold-blooded
a: End Transformation


You were on level 3 of the Dungeon.
You had temporarily grown beastly horns and talons.
You visited 1 branch of the dungeon, and saw 3 of its levels.

You collected 89 gold pieces.

Inventory:

Missiles
 d - 20 stones (quivered)
 g - 10 poisoned darts
Jewellery
 j - a +6 ring of intelligence (left hand)
 l - a ring of fire (right hand)
Wands
 n - a wand of charming (8)
Scrolls
 c - a scroll of immolation {unknown}
 h - a scroll of brand weapon {unknown}
 k - 2 scrolls of identify {unknown}
Potions
 a - a potion of lignification
 b - 2 potions of magic {unknown}
 e - a potion of heal wounds {unknown}
 f - a potion of degeneration {unknown}
 i - a potion of berserk rage {unknown}
 m - 3 potions of might


   Skills:
 - Level 1.1 Fighting
 - Level 1.7 Dodging
 + Level 4.7 Unarmed Combat
 - Level 2.0 Spellcasting
 - Level 2.0 Transmutations


You had 5 spell levels left.
You knew the following spells:

 Your Spells              Type           Power      Damage    Failure   Level
a - Beastly Appendage     Tmut           20%        N/A       6%          1

Your spell library contained the following spells:

 Spells                   Type           Power      Damage    Failure   Level
 Wereblood                Tmut           10%        N/A       10%         2
 Magic Dart               Conj           8%         1d3       14%         1
 Searing Ray              Conj           4%         2d4       22%         2
 Spider Form              Tmut/Pois      6%         N/A       28%         3
 Ice Form                 Ice/Tmut       6%         N/A       67%         4
 Fulminant Prism          Conj/Hex       1%         3d6       82%         4


Dungeon Overview and Level Annotations

Branches:
Dungeon (3/15)

Altars:

Annotations:
D:3 3 runed translucent doors, Ijyb; nroviw's ghost, amateur DsGl


Innate Abilities, Weirdness & Mutations

You have temporarily grown beastly horns and talons.
Your plain brown scales are hard. (AC +5)
You cannot fit into any form of body armour.
You are cold-blooded and may be slowed by cold attacks.


Message History

The grasping roots grab you! The grasping roots constrict you.
The orc shouts!
You hear a shout! x4
You escape the roots grasp.
Casting: Beastly Appendage (safe; 6% risk of failure)
Confirm with . or Enter, or press ? or * to list all spells.
You grow a pair of large bovine horns.
Your feet morph into talons.
Ijyb closely misses you.
You hit Ijyb. You claw Ijyb.
Ijyb is moderately wounded.
Ijyb zaps a wand.
The roots erupt in riotous growth!
The grasping roots grab you!
Ijyb is unaffected.
The grasping roots constrict you.
You hear a shout! x3
You hit Ijyb. Your kick misses Ijyb.
Ijyb is heavily wounded.
Ijyb barely misses you. The grasping roots constrict you.
* * * LOW HITPOINT WARNING * * *
You hit Ijyb but do no damage. Your kick misses Ijyb.
Your tail-slap misses Ijyb.
Ijyb is heavily wounded.
Ijyb drinks a potion.
Ijyb seems to grow stronger.
The grasping roots constrict you.
* * * LOW HITPOINT WARNING * * *
You hit Ijyb but do no damage. You claw Ijyb. You headbutt Ijyb.
Ijyb is almost dead.
Ijyb screams, "Me stronger than you!" Ijyb hits you with a +0 club.
* * * LOW HITPOINT WARNING * * *
The grasping roots constrict you.
* * * LOW HITPOINT WARNING * * *
The grasping roots release their grip on you.
You closely miss Ijyb. You tail-slap Ijyb, but do no damage.
Ijyb is almost dead.
Ijyb hits you with a +0 club.
* * * LOW HITPOINT WARNING * * *
You hit Ijyb but do no damage. You claw Ijyb.
Ijyb is almost dead.
Ijyb zaps a wand.
The roots erupt in riotous growth!
The grasping roots grab you!
Ijyb is unaffected.
The grasping roots constrict you.
You die...

▒......o..).......
▒..?...▒..........
▒......▒..........
▒.........▒▒.▒▒▒▒▒ ...
▒.........+ .▒ ..▒
▒.........▒ ▒ ▒▒▒.▒
.....▒▒...▒▒▒▒▒▒▒▒▒.▒.▒▒
..... ▒.......▒.....▒..▒
.... ▒...▒▒▒.▒.▒▒▒....▒
▒▒▒▒▒▒▒g.▒.. ▒...▒....▒
.▒....d..▒.▒▒▒▒▒.▒....▒
.......▒▒▒.▒.......▒.▒..▒
...▒.......▒.▒▒▒▒▒.▒.▒...
. ▒......▒▒...▒...▒.▒...
▒......%▒▒▒.▒.▒▒▒.▒...
▒.▒▒▒.......▒.....▒... ▒.
▒...▒▒▒▒▒▒▒▒▒▒▒... ▒.
▒.........▒ ▒...
▒...▒....▒▒ .....
▒...▒▒▒▒.▒ ▒▒▒▒▒. .....▒
▒ ▒..


You could see Ijyb (strong).

Vanquished Creatures
  2 adders (D:2)
  A dart slug (D:1)
  3 endoplasms
  4 giant cockroaches
  3 hobgoblins (D:1)
  2 kobolds (D:1)
  A quokka (D:2)
  3 ball pythons
  3 bats
  3 frilled lizards (D:2)
  7 goblins
  3 rats
35 creatures vanquished.

Notes
Turn   | Place    | Note
-------+----------+-------------------------------------------
     0 | D:1      | shmup the Draconian Transmuter began the quest for the Orb.
     0 | D:1      | Reached XP level 1. HP: 16/16 MP: 3/3
   339 | D:1      | Reached XP level 2. HP: 23/23 MP: 3/5
   737 | D:1      | Upgraded the game from 0.29.1-1-gd02db6906a to
                  | 0.29.1-13-g9f3cf754e1
   739 | D:1      | Found a faded altar of an unknown god.
   813 | D:1      | Reached skill level 4 in Unarmed Combat
  1387 | D:2      | Reached XP level 3. HP: 23/28 MP: 6/6
  2425 | D:3      | Found a runed translucent gate.
  2425 | D:3      | Found a runed translucent gate.
  2425 | D:3      | Found a runed translucent gate.
  2432 | D:3      | Noticed nroviw's ghost (amateur DsGl)
  2584 | D:3      | Noticed Ijyb
  2608 | D:3      | Constricted to death by Ijyb

Illustrated notes

Levels and vault maps discovered:
D:1:      onia_arrival_mini_maze_b, layout_basic,
          chequers_ecumenical_altar_island, minmay_misc_feat_iff
D:2:      layout_loops_corners, chequers_serial_rivers_large_b
D:3:      layout_basic, gammafunk_ghost_necromancy, serial_shops,
          nicolae_diamond_shop, minmay_misc_feat_ornament, uniq_ijyb

Skill      XL: |  1  2 |
---------------+-------+-----
Unarmed Combat | 4 |  4.7
Fighting       | |  1.1
Dodging        | |  1.7
Spellcasting   | |  2.0
Transmutations | |  2.0

Action                   || total
-------------------------++-------
Melee: Unarmed           ||   120
       Tailslap          ||    11
       Kick              ||     8
       Headbutt          ||     3
       Punch             ||     4
 Cast: Beastly Appendage ||     7
Armor: Skin              ||    29
Dodge: Dodged            ||    90
